 Dungeon Crawl Stone Soup version 0.21.1-1-g345015f (webtiles) character file.

75992 theblackcape the Basher (level 15, 0/132 HPs)
             Began as a Gnoll Wanderer on July 5, 2018.
             Was a High Priest of Ashenzari.
             Slain by a spark wasp (15 damage)
             ... on level 1 of the Depths.
             The game lasted 02:13:29 (20917 turns).

theblackcape the Basher (Gnoll Wanderer)           Turns: 20917, Time: 02:13:30

Health: 0/132      AC: 22    Str: 19    XL:     15   Next: 52%
Magic:  27/29      EV: 18    Int: 14    God:    Ashenzari [*****.]
Gold:   2440       SH: 20    Dex: 15    Spells: 10/34 levels left

rFire    . . .     SeeInvis +   Q - +4 morningstar (drain) (curse)
rCold    . . .     Gourm    .   k - +3 shield (curse)
rNeg     . . .     Faith    .   L - +0 troll leather armour (curse)
rPois    .         Spirit   .   N - +1 hat
rElec    .         Reflect  +   s - +2 cloak
rCorr    .         Harm     .   H - +0 pair of gloves
MR       +....     Clarity  +   X - +0 pair of boots
Stlth    ++++......             A - +4 amulet of reflection
HPRegen  0.72/turn              w - ring of wizardry (curse)
MPRegen  0.21/turn              b - ring of wizardry (curse)

@: icy armour, about to teleport, slow
A: distributed training, fangs 1, rugged brown scales 1, clarity, dopey 1,
robust 1, strong nose
a: Curse Item, Scrying, Renounce Religion


You were on level 1 of the Depths.
You worshipped Ashenzari.
Ashenzari was extremely pleased with you.
You were hungry.

You visited 4 branches of the dungeon, and saw 19 of its levels.
You also visited: Ossuary.

You collected 2548 gold pieces.
You spent 108 gold pieces at shops.

Inventory:

Hand Weapons
 a - a +4 great mace
 Q - a cursed +4 morningstar of draining (weapon)
Missiles
 h - 7 javelins
 C - 2 exploding tomahawks
 U - 11 tomahawks (quivered)
Armour
 k - a cursed +3 shield (worn)
 s - a +2 cloak (worn)
 H - a +0 pair of gloves (worn)
 L - a cursed +0 troll leather armour (worn)
 N - a +1 hat (worn)
 X - a +0 pair of boots (worn)
Jewellery
 b - a cursed ring of wizardry (right hand)
 q - an uncursed ring of protection from magic
 w - a cursed ring of wizardry (left hand)
 A - a +4 amulet of reflection (around neck)
Wands
 o - a wand of enslavement (7)
 x - a wand of acid (21)
 z - a wand of digging (5)
 D - a wand of iceblast (18)
 J - a wand of polymorph (8)
 R - a wand of disintegration (13)
 W - a wand of paralysis (13)
 Z - a wand of clouds (6)
Scrolls
 c - 2 scrolls of identify
 d - a scroll of remove curse
 g - a scroll of enchant weapon
 m - a scroll of fog
 p - 2 scrolls of fear
 r - 3 scrolls of amnesia
 E - 3 scrolls of magic mapping
Potions
 j - 2 potions of resistance
 l - 13 potions of curing
 n - 2 potions of brilliance
 t - 4 potions of lignification
 B - 2 potions of magic
 F - 2 potions of cancellation
 G - 3 potions of flight
 I - a potion of berserk rage
 K - 3 potions of ambrosia
 M - 3 potions of haste
 T - 3 potions of might
 Y - a potion of mutation
Books
 e - the Grimoire of Axaxaxas mlö
   (You found it on level 12 of the Dungeon)

   Spells                             Type                      Level
   a - Freeze                         Ice                          1
   b - Metabolic Englaciation         Hexes/Ice                    5
 i - the Compendium of Dhcmrlchtdj
   (You found it on level 12 of the Dungeon)

   Spells                             Type                      Level
   a - Pain                           Necromancy                   1
   b - Deflect Missiles               Charms/Air                   6
 v - a book of Frost

   Spells                             Type                      Level
   a - Freeze                         Ice                          1
   b - Throw Frost                    Conjuration/Ice              2
   c - Ozocubu's Armour               Charms/Ice                   3
   d - Throw Icicle                   Conjuration/Ice              4
   e - Summon Ice Beast               Ice/Summoning                4
 S - the Papyrus of Sand
   (You found it on level 12 of the Dungeon)

   Spells                             Type                      Level
   a - Summon Guardian Golem          Hexes/Summoning              3
   b - Hydra Form                     Transmutation                6
Miscellaneous
 P - a sack of spiders
 V - a box of beasts
Comestibles
 f - 23 rations
 u - 10 chunks of flesh


   Skills:
 + Level 10.9 Fighting
 + Level 10.0 Short Blades
 + Level 10.0 Long Blades
 + Level 10.0 Axes
 + Level 12.7(16.3) Maces & Flails
 + Level 10.0 Polearms
 + Level 10.0 Staves
 + Level 10.0 Slings
 + Level 10.0 Bows
 + Level 10.0 Crossbows
 + Level 10.3 Throwing
 + Level 10.9 Armour
 + Level 10.0 Dodging
 + Level 10.0 Stealth
 + Level 10.3(12.7) Shields
 + Level 10.0 Unarmed Combat
 + Level 10.0 Spellcasting
 + Level 8.4(11.0) Conjurations
 + Level 8.4(11.0) Hexes
 + Level 8.4(11.0) Charms
 + Level 8.4(11.0) Summonings
 + Level 8.4(11.0) Necromancy
 + Level 8.4(11.0) Translocations
 + Level 8.4(11.0) Transmutations
 + Level 8.4(11.0) Fire Magic
 + Level 8.4(11.0) Ice Magic
 + Level 8.4(11.0) Air Magic
 + Level 8.4(11.0) Earth Magic
 + Level 8.4(11.0) Poison Magic
 + Level 10.8 Invocations
 + Level 10.0(12.4) Evocations


You had 10 spell levels left.
You knew the following spells:

 Your Spells              Type           Power        Failure   Level  Hunger
a - Call Imp              Summ           #####...     1%          2    None
b - Conjure Flame         Conj/Fire      #####...     1%          3    #......
c - Mephitic Cloud        Conj/Pois/Air  #####...     1%          3    #......
d - Slow                  Hex            #####...     1%          2    None
e - Ensorcelled Hibernat  Hex/Ice        #####.       1%          2    None
f - Tukima's Dance        Hex            #####...     1%          3    #......
g - Corona                Hex            #####..      1%          1    None
h - Ozocubu's Armour      Chrm/Ice       #####...     1%          3    #......
i - Summon Ice Beast      Ice/Summ       #####...     1%          4    ###....
j - Apportation           Tloc           #####.       1%          1    None


Dungeon Overview and Level Annotations

Branches:
Dungeon (15/15)            Temple (1/1) D:6            Lair (0/6) D:11
    Orc (2/2) D:11            Elf (0/3) Orc:2        Vaults (0/5) D:14
 Depths (1/5) D:15

Altars:
Ashenzari
Cheibriados
Dithmenos
Elyvilon
Fedhas
Gozag
Hepliaklqana
Kikubaaqudgha
Makhleb
Nemelex Xobeh
Okawaru
Qazlal
Ru
Sif Muna
Trog
Uskayaw
Vehumet
Wu Jian
Xom
Yredelemnul
Zin
The Shining One

Shops:
D:4 [   D:12 }   Orc:1 =   Orc:2 ([(!*

Portals:
Hell: Depths:1
Abyss: Depths:1
Trove: D:12 (give 7 potions of haste)


Innate Abilities, Weirdness & Mutations

Your experience applies equally to all skills.
You have very sharp teeth.
Your uncanny sense of smell can sniff out nearby items.
You are partially covered in rugged brown scales. (AC +1, +3% HP)
You possess an exceptional clarity of mind.
You are dopey. (Int -2)
You are robust. (+10% HP)


Message History

You hit the spark wasp but do no damage.
The spark wasp is lightly wounded.
The spark wasp stings you but does no damage.
The spark wasp stings you. The spark wasp shocks you!
* * * LOW HITPOINT WARNING * * *
You puncture the spark wasp! You drain the spark wasp!
The spark wasp is moderately wounded.
The spark wasp stings you but does no damage.
You block the spark wasp's attack.
As you read the scroll of teleportation, it crumbles to dust.
You feel strangely unstable. You block the spark wasp's attack.
The spark wasp misses you.
Some of the chunks of flesh in your inventory have rotted away.
You hit the spark wasp but do no damage.
You drain the spark wasp!
The spark wasp is moderately wounded.
The spark wasp stings you!!
* * * LOW HITPOINT WARNING * * *
The spark wasp shocks you!
You die...

# * ## # * #.# # #.# # * *
#.# # ,* #.# # * #.#
#########.########.#
.y.yyccc.....yyy@y.#######
###y#####.########.......#
.# *,* #.####### *.# , #.#
*.# #.# .# * * #.# * #.#
#.# , ..#* * #.# *#(.
..########.#######


You could see 4 spark wasps.

Vanquished Creatures
  2 tengu reavers
  2 stone giants (Depths:1)
  An ettin (D:13)
  A fire dragon (D:15)
  A great orb of eyes (Depths:1)
  An ice dragon (D:15)
  2 rakshasas
  2 hydras
  Fannar (D:12)
  7 centaur warriors
  2 death knights
  5 death yaks (D:11)
  13 two-headed ogres
  2 ogre magi
  Sonja (D:10)
  A tengu warrior (D:15)
  Nergalle (D:12)
  An orc high priest (Orc:1)
  2 skeletal warriors
  2 deep trolls (Orc:1)
  A wizard (D:12)
  A deep elf archer (D:14)
  3 harpies (D:15)
  An orc sorcerer (Orc:2)
  8 ugly things
  The ghost of theblackcape the Magician, a novice GnWz of Ashenzari (D:7)
  7 deep elf magi
  7 cyclopes
  A manticore (D:13)
  Joseph (D:10)
  2 gargoyles
  2 kobold demonologists
  2 yaktaurs (Depths:1)
  An efreet (D:13)
  12 trolls
  3 meliai (D:15)
  2 dream sheep (D:8)
  7 slime creatures
  2 hippogriffs
  A shadow (D:15)
  Sigmund (D:3)
  A wraith (D:13)
  2 wyverns
  A yak (shapeshifter) (Depths:1)
  A basilisk (D:13)
  13 yaks
  A steam dragon (D:12)
  4 wargs
  Menkaure (Ossuary)
  2 hungry ghosts (D:9)
  A soldier ant (D:13)
  3 acid dragons
  Duvessa (D:6)
  5 sky beasts
  A water moccasin (D:6)
  17 orc warriors
  4 ice beasts
  2 black bears
  2 necrophages
  3 eyes of draining (D:12)
  5 phantoms
  15 centaurs
  34 ogres
  6 bullfrogs
  6 big kobolds
  A gnoll sergeant (Orc:1)
  Dowan (D:6)
  A water moccasin zombie (D:7)
  3 scorpions
  2 water moccasin skeletons
  2 vampire bats (D:11)
  7 killer bees
  4 howler monkeys
  7 wights (D:13)
  3 centaur zombies
  11 crimson imps
  2 jellies
  A bullfrog zombie (D:10)
  A quasit (D:11)
  Crazy Yiuf (D:5)
  16 orc priests
  3 bullfrog skeletons
  5 centaur skeletons
  11 hounds
  18 orc wizards
  2 iguanas
  9 worker ants
  2 hound skeletons (D:7)
  A worker ant zombie (D:10)
  3 mummies (Ossuary)
  7 gnolls
  8 adders
  5 shadow imps
  2 white imps (D:11)
  3 oozes
  A worm (D:4)
  A dart slug (D:3)
  5 leopard geckos
  86 orcs
  A ball python (D:2)
  4 giant cockroaches
  3 gnoll zombies (Ossuary)
  4 hobgoblins
  10 jackals
  15 kobolds
  3 quokkas
  A ball python skeleton (D:5)
  14 bats
  5 frilled lizards
  4 gnoll skeletons (Ossuary)
  6 goblins
  4 goblin skeletons (Ossuary)
  4 goblin zombies (Ossuary)
  3 hobgoblin skeletons (Ossuary)
  2 hobgoblin zombies (Ossuary)
  4 kobold skeletons (Ossuary)
  A kobold zombie (Ossuary)
  2 orc skeletons (Ossuary)
  3 orc zombies (Ossuary)
  A quokka skeleton (D:6)
  A quokka zombie (D:5)
  6 rats
  6 rat skeletons (Ossuary)
  7 rat zombies
596 creatures vanquished.

Vanquished Creatures (collateral kills)
  The ghost of Rwicked the Severer, a journeyman MiBe of Trog (Orc:2)
  A frost giant (D:13)
  An ettin (Orc:1)
  An ogre mage (Orc:2)
  A tengu warrior (D:15)
  2 orc warriors
  4 ogres
  A killer bee (D:9)
  An orc priest (Orc:1)
  A bat (D:11)
14 creatures vanquished.

Vanquished Creatures (others)
  A two-headed ogre (Orc:2)
  A cyclops (Orc:2)
  A yaktaur (Depths:1)
  A gnoll zombie (Ossuary)
  6 kobolds
  A gnoll skeleton (Ossuary)
  A goblin zombie (Ossuary)
  2 hobgoblin zombies (Ossuary)
  A kobold skeleton (Ossuary)
  2 orc zombies (Ossuary)
  9 plants
26 creatures vanquished.

Grand Total: 636 creatures vanquished

Notes
Turn   | Place    | Note
-------+----------+-------------------------------------------
     0 | D:1      | theblackcape the Gnoll Wanderer began the quest for the Orb.
     0 | D:1      | theblackcape set off with: a +2 scale mail, a +0 mace, 9 poisoned needles, a +0 blowgun, a ration
     0 | D:1      | Reached XP level 1. HP: 20/20 MP: 1/1
    58 | D:1      | Reached XP level 2. HP: 26/26 MP: 2/2
   409 | D:1      | Reached XP level 3. HP: 31/31 MP: 3/3
  1259 | D:2      | Reached skill level 1 in Invocations
  1478 | D:3      | Noticed Sigmund
  1498 | D:2      | Reached skill level 1 in Short Blades
  1498 | D:2      | Reached skill level 1 in Long Blades
  1498 | D:2      | Reached skill level 1 in Axes
  1498 | D:2      | Reached skill level 1 in Polearms
  1498 | D:2      | Reached skill level 1 in Staves
  1498 | D:2      | Reached skill level 1 in Slings
  1498 | D:2      | Reached skill level 1 in Bows
  1498 | D:2      | Reached skill level 1 in Crossbows
  1498 | D:2      | Reached skill level 1 in Dodging
  1498 | D:2      | Reached skill level 1 in Stealth
  1498 | D:2      | Reached skill level 1 in Unarmed Combat
  1498 | D:2      | Reached skill level 1 in Spellcasting
  1498 | D:2      | Reached skill level 1 in Evocations
  1518 | D:2      | Reached XP level 4. HP: 15/38 MP: 5/5
  1713 | D:3      | Killed Sigmund
  1713 | D:3      | Reached skill level 1 in Conjurations
  1713 | D:3      | Reached skill level 1 in Hexes
  1713 | D:3      | Reached skill level 1 in Charms
  1713 | D:3      | Reached skill level 1 in Summonings
  1713 | D:3      | Reached skill level 1 in Necromancy
  1713 | D:3      | Reached skill level 1 in Translocations
  1713 | D:3      | Reached skill level 1 in Transmutations
  1713 | D:3      | Reached skill level 1 in Fire Magic
  1713 | D:3      | Reached skill level 1 in Ice Magic
  1713 | D:3      | Reached skill level 1 in Air Magic
  1713 | D:3      | Reached skill level 1 in Earth Magic
  1713 | D:3      | Reached skill level 1 in Poison Magic
  1713 | D:3      | Reached XP level 5. HP: 30/43 MP: 5/7
  1863 | D:3      | Reached XP level 6. HP: 50/50 MP: 8/8
  2333 | D:4      | Found Atiyfocy's Antique Armour Boutique.
  2369 | D:4      | Reached skill level 5 in Fighting
  2369 | D:4      | Reached skill level 5 in Armour
  2921 | D:5      | Entered Level 5 of the Dungeon
  3047 | D:5      | Noticed a phantom
  3047 | D:5      | Reached XP level 7. HP: 31/56 MP: 10/10
  3257 | D:4      | Reached skill level 9 in Maces & Flails
  3610 | D:5      | Found a sand-covered staircase.
  3617 | Ossuary  | Entered an ossuary
  3971 | Ossuary  | Noticed Menkaure
  3974 | Ossuary  | Reached XP level 8. HP: 34/60 MP: 12/12
  3981 | Ossuary  | Killed Menkaure
  4255 | D:5      | Found a runed door.
  4348 | D:5      | Found a stormy altar of Qazlal.
  4450 | D:5      | Noticed Crazy Yiuf
  4460 | D:5      | Killed Crazy Yiuf
  5009 | D:6      | Found a staircase to the Ecumenical Temple.
  5065 | D:6      | Noticed Duvessa
  5065 | D:6      | Noticed Dowan
  5107 | Temple   | Entered the Ecumenical Temple
  5194 | Temple   | Became a worshipper of Ashenzari the Shackled
  5225 | D:6      | Killed Duvessa
  5262 | D:6      | Killed Dowan
  5902 | D:7      | Reached XP level 9. HP: 64/66 MP: 14/14
  6249 | D:7      | Found a hazy altar of Hepliaklqana.
  6249 | D:7      | Found a radiant altar of Vehumet.
  6388 | D:7      | Reached * piety under Ashenzari
  6538 | D:7      | Found a shattered altar of Ashenzari.
  6613 | D:7      | Noticed theblackcape's ghost (novice GnWz)
  6925 | D:7      | Killed theblackcape's ghost
  6925 | D:7      | Reached skill level 5 in Throwing
  6925 | D:7      | Reached skill level 5 in Shields
  7147 | D:8      | Noticed a cyan ugly thing
  7184 | D:7      | Killed a cyan ugly thing
  7184 | D:7      | Reached skill level 5 in Invocations
  7529 | D:8      | Noticed a cyan ugly thing
  7537 | D:8      | Killed a cyan ugly thing
  7537 | D:8      | Reached XP level 10. HP: 15/77 MP: 15/17
  8061 | D:8      | Reached skill level 5 in Short Blades
  8061 | D:8      | Reached skill level 5 in Long Blades
  8061 | D:8      | Reached skill level 5 in Axes
  8061 | D:8      | Reached skill level 5 in Polearms
  8061 | D:8      | Reached skill level 5 in Staves
  8061 | D:8      | Reached skill level 5 in Slings
  8061 | D:8      | Reached skill level 5 in Bows
  8061 | D:8      | Reached skill level 5 in Crossbows
  8061 | D:8      | Reached skill level 5 in Dodging
  8061 | D:8      | Reached skill level 5 in Stealth
  8061 | D:8      | Reached skill level 5 in Unarmed Combat
  8061 | D:8      | Reached skill level 5 in Spellcasting
  8061 | D:8      | Reached skill level 5 in Evocations
  8272 | D:8      | Found a shadowy altar of Dithmenos.
  8733 | D:8      | Reached skill level 10 in Maces & Flails
  8780 | D:8      | Learned a level 2 spell: Call Imp
  8784 | D:8      | Learned a level 3 spell: Conjure Flame
  8788 | D:8      | Learned a level 3 spell: Mephitic Cloud
  8791 | D:8      | Learned a level 2 spell: Slow
  8815 | D:8      | Noticed a three-headed hydra
  8823 | D:8      | Killed a three-headed hydra
  8923 | D:8      | Found a burning altar of Makhleb.
  9506 | D:9      | Reached XP level 11. HP: 73/84 MP: 19/19
  9703 | D:9      | Got the hunting sling "Kutyis" {flame, rPois rC+ Str+3 Int+3}
  9779 | D:9      | Reached ** piety under Ashenzari
 10207 | D:9      | Noticed a two-headed ogre
 10220 | D:9      | Killed a two-headed ogre
 10563 | D:9      | Identified the +11 hunting sling "Kutyis" {flame, rPois rC+ Str+3 Int+3} (You found it on level 9 of the Dungeon)
 10779 | D:10     | Entered Level 10 of the Dungeon
 10800 | D:10     | Reached skill level 5 in Conjurations
 10800 | D:10     | Reached skill level 5 in Hexes
 10800 | D:10     | Reached skill level 5 in Charms
 10800 | D:10     | Reached skill level 5 in Summonings
 10800 | D:10     | Reached skill level 5 in Necromancy
 10800 | D:10     | Reached skill level 5 in Translocations
 10800 | D:10     | Reached skill level 5 in Transmutations
 10800 | D:10     | Reached skill level 5 in Fire Magic
 10800 | D:10     | Reached skill level 5 in Ice Magic
 10800 | D:10     | Reached skill level 5 in Air Magic
 10800 | D:10     | Reached skill level 5 in Earth Magic
 10800 | D:10     | Reached skill level 5 in Poison Magic
 10992 | D:10     | Noticed Sonja
 11304 | D:10     | Killed Sonja
 11642 | D:10     | Gained mutation: Your body sometimes deteriorates upon taking damage. [potion of mutation]
 11642 | D:10     | Gained mutation: Armour fits poorly on your strangely shaped body. [potion of mutation]
 11642 | D:10     | Gained mutation: You are somewhat resistant to further mutation. [potion of mutation]
 11643 | D:10     | Lost mutation: Armour fits poorly on your strangely shaped body. [potion of mutation]
 11643 | D:10     | Lost mutation: Your body sometimes deteriorates upon taking damage. [potion of mutation]
 11643 | D:10     | Gained mutation: You have a pair of small antennae on your head. [potion of mutation]
 11644 | D:10     | Lost mutation: You have a pair of small antennae on your head. [potion of mutation]
 11644 | D:10     | Lost mutation: You are somewhat resistant to further mutation. [potion of mutation]
 11644 | D:10     | Gained mutation: You are partially covered in yellow scales. (AC +2) [potion of mutation]
 11644 | D:10     | Gained mutation: Your spells are a little harder to cast, but a little more powerful. [potion of mutation]
 11836 | D:10     | Noticed Joseph
 11852 | D:10     | Killed Joseph
 11883 | D:10     | Identified a scroll of acquirement
 11888 | D:10     | Learned a level 2 spell: Ensorcelled Hibernation
 11892 | D:10     | Learned a level 3 spell: Tukima's Dance
 11894 | D:10     | Learned a level 1 spell: Corona
 12144 | D:11     | Noticed a cyclops
 12152 | D:11     | Killed a cyclops
 12225 | D:11     | Reached *** piety under Ashenzari
 12227 | D:11     | Found a staircase to the Orcish Mines.
 12254 | Orc:1    | Entered Level 1 of the Orcish Mines
 12288 | Orc:1    | Noticed a cyclops
 12379 | D:11     | Noticed a red ugly thing
 12391 | D:11     | Killed a red ugly thing
 12476 | D:11     | Noticed a death yak
 12479 | D:11     | Noticed a death yak
 12479 | D:11     | Found a staircase to the Lair.
 12479 | D:11     | Noticed a death yak
 12480 | D:11     | Noticed a death yak
 12488 | D:11     | Noticed a death yak
 12499 | D:11     | Killed a death yak
 12513 | D:11     | Killed a death yak
 12513 | D:11     | Reached XP level 12. HP: 40/93 MP: 22/22
 12517 | D:11     | Killed a death yak
 12528 | D:11     | Killed a death yak
 12543 | D:11     | Killed a death yak
 12836 | Orc:1    | Found Ucveff's Jewellery Shoppe.
 12951 | Orc:2    | Entered Level 2 of the Orcish Mines
 12951 | Orc:2    | Found a staircase to the Elven Halls.
 12993 | Orc:1    | Reached skill level 11 in Maces & Flails
 13241 | Orc:2    | Noticed Rwicked's ghost (journeyman MiBe)
 13242 | Orc:2    | Noticed a two-headed ogre
 13260 | Orc:1    | Learned a level 3 spell: Ozocubu's Armour
 13277 | Orc:1    | Learned a level 4 spell: Summon Ice Beast
 13284 | Orc:1    | Killed a two-headed ogre
 13756 | Orc:2    | Noticed an orc high priest
 13851 | Orc:1    | Killed an orc high priest
 13895 | Orc:2    | Noticed a two-headed ogre
 13900 | Orc:2    | Noticed a two-headed ogre
 13906 | Orc:2    | Noticed a sun demon
 13914 | Orc:1    | Killed a two-headed ogre
 14030 | Orc:1    | Killed a two-headed ogre
 14030 | Orc:1    | Reached XP level 13. HP: 50/101 MP: 21/24
 14211 | Orc:2    | Killed Rwicked's ghost
 14351 | Orc:2    | Noticed an ettin
 14382 | Orc:1    | Killed an ettin
 14594 | Orc:2    | Found Ocrukhok's Distillery.
 14602 | Orc:2    | Found Soprilac's Armour Boutique.
 14719 | Orc:2    | Found Fowuawi's Antique Weapon Emporium.
 14729 | Orc:2    | Found Taosal's Antique Weapon Boutique.
 14865 | Orc:2    | Found Pirirch Ompe's Assorted Antiques.
 14872 | Orc:2    | Bought a scroll of remove curse for 108 gold pieces
 15338 | D:12     | Noticed Fannar
 15353 | D:12     | Killed Fannar
 15426 | D:12     | Found a labyrinth entrance.
 15581 | D:12     | Noticed Nergalle
 15586 | D:12     | Killed Nergalle
 15589 | D:12     | Lost mutation: Your spells are a little harder to cast, but a little more powerful. [potion of mutation]
 15589 | D:12     | Lost mutation: You are partially covered in yellow scales. (AC +2) [potion of mutation]
 15589 | D:12     | Gained mutation: You can translocate small distances at will. [potion of mutation]
 15589 | D:12     | Gained mutation: You are clumsy. (Dex -2) [potion of mutation]
 15589 | D:12     | Gained mutation: You are partially covered in rugged brown scales. (AC +1, +3% HP) [potion of mutation]
 15590 | D:12     | Lost mutation: You are clumsy. (Dex -2) [potion of mutation]
 15590 | D:12     | Lost mutation: You can translocate small distances at will. [potion of mutation]
 15590 | D:12     | Gained mutation: Your magical capacity is low. (-10% MP) [potion of mutation]
 15590 | D:12     | Gained mutation: You are partially covered in iridescent scales. (AC +2) [potion of mutation]
 15591 | D:12     | Lost mutation: Your magical capacity is low. (-10% MP) [potion of mutation]
 15591 | D:12     | Lost mutation: You are partially covered in iridescent scales. (AC +2) [potion of mutation]
 15591 | D:12     | Gained mutation: You are robust. (+10% HP) [potion of mutation]
 15591 | D:12     | Gained mutation: You are dopey. (Int -2) [potion of mutation]
 15591 | D:12     | Gained mutation: You possess an exceptional clarity of mind. [potion of mutation]
 15625 | D:12     | Reached **** piety under Ashenzari
 15718 | D:12     | Found Wutraixo's Gadget Emporium.
 15803 | D:12     | Identified the Grimoire of Axaxaxas mlö
 15810 | D:12     | Identified the Compendium of Dhcmrlchtdj
 15967 | D:12     | Found a portal to a secret trove of treasure.
 16267 | D:12     | Identified the Papyrus of Sand
 16454 | D:13     | Reached XP level 14. HP: 117/123 MP: 26/26
 16508 | D:13     | Noticed a tengu reaver
 16509 | D:13     | Noticed a frost giant
 16522 | D:13     | Killed a tengu reaver
 16533 | D:13     | Killed a frost giant
 16670 | D:13     | Reached skill level 10 in Fighting
 16670 | D:13     | Reached skill level 12 in Maces & Flails
 16670 | D:13     | Reached skill level 10 in Armour
 16973 | D:13     | Identified the +3 quarterstaff "Woalah" {flame, rN+} (You took it off a centaur on level 13 of the Dungeon)
 17974 | D:14     | Found an opulent altar of Gozag.
 18030 | D:14     | Reached skill level 10 in Invocations
 18162 | D:14     | Reached ***** piety under Ashenzari
 18306 | D:14     | Identified the +4 dagger of the Blind Eye {protect, Int-2 SInv Stlth+} (You took it off a deep elf mage on level 14 of the Dungeon)
 18467 | D:14     | Identified the cursed +1 leather armour of the Greedy {*Corrode rPois rF+++ Regen+}
 18485 | D:14     | Found a gate to the Vaults.
 18488 | D:14     | Learned a level 1 spell: Apportation
 18716 | D:15     | Entered Level 15 of the Dungeon
 19166 | D:15     | Reached XP level 15. HP: 132/132 MP: 28/28
 19275 | D:15     | Found a glowing golden altar of the Shining One.
 19326 | D:15     | Reached skill level 10 in Throwing
 19326 | D:15     | Reached skill level 10 in Shields
 19664 | D:15     | Found a staircase to the Depths.
 20032 | Depths:1 | Entered Level 1 of the Depths
 20068 | Depths:1 | Found a one-way gate to the infinite horrors of the Abyss.
 20089 | Depths:1 | Noticed a tengu reaver
 20106 | Depths:1 | Killed a tengu reaver
 20107 | Depths:1 | Found a gateway to Hell.
 20657 | Depths:1 | HP: 5/132 [rakshasa (illusionary)/orb of energy (24)]
 20702 | Depths:1 | Reached skill level 10 in Short Blades
 20702 | Depths:1 | Reached skill level 10 in Long Blades
 20702 | Depths:1 | Reached skill level 10 in Axes
 20702 | Depths:1 | Reached skill level 10 in Polearms
 20702 | Depths:1 | Reached skill level 10 in Staves
 20702 | Depths:1 | Reached skill level 10 in Slings
 20702 | Depths:1 | Reached skill level 10 in Bows
 20702 | Depths:1 | Reached skill level 10 in Crossbows
 20702 | Depths:1 | Reached skill level 10 in Dodging
 20702 | Depths:1 | Reached skill level 10 in Stealth
 20702 | Depths:1 | Reached skill level 10 in Unarmed Combat
 20702 | Depths:1 | Reached skill level 10 in Spellcasting
 20702 | Depths:1 | Reached skill level 10 in Evocations
 20917 | Depths:1 | Slain by a spark wasp

Skill      XL: |  1  2  3  4  5  6  7  8  9 10 11 12 13 14 15 |
---------------+----------------------------------------------+-----
Invocations    | 1 2 3 4 5 6 7 8 9 10 | 10.8
Short Blades   | 1 2 3 4 5 6 7 8 9 10 | 10.0
Long Blades    | 1 2 3 4 5 6 7 8 9 10 | 10.0
Axes           | 1 2 3 4 5 6 7 8 9 10 | 10.0
Polearms       | 1 2 3 4 5 6 7 8 9 10 | 10.0
Staves         | 1 2 3 4 5 6 7 8 9 10 | 10.0
Slings         | 1 2 3 4 5 6 7 8 9 10 | 10.0
Bows           | 1 2 3 4 5 6 7 8 9 10 | 10.0
Crossbows      | 1 2 3 4 5 6 7 8 9 10 | 10.0
Dodging        | 1 2 3 4 5 6 7 8 9 10 | 10.0
Stealth        | 1 2 3 4 5 6 7 8 9 10 | 10.0
Unarmed Combat | 1 2 3 4 5 6 7 8 9 10 | 10.0
Spellcasting   | 1 2 3 4 5 6 7 8 9 10 | 10.0
Evocations     | 1 2 3 4 5 6 7 8 9 10 | 10.0
Throwing       | 3 4 5 6 7 8 9 10 | 10.3
Shields        | 3 4 5 6 7 8 9 10 | 10.3
Conjurations   | 1 2 3 4 5 6 7 8 |  8.4
Hexes          | 1 2 3 4 5 6 7 8 |  8.4
Charms         | 1 2 3 4 5 6 7 8 |  8.4
Summonings     | 1 2 3 4 5 6 7 8 |  8.4
Necromancy     | 1 2 3 4 5 6 7 8 |  8.4
Translocations | 1 2 3 4 5 6 7 8 |  8.4
Transmutations | 1 2 3 4 5 6 7 8 |  8.4
Fire Magic     | 1 2 3 4 5 6 7 8 |  8.4
Ice Magic      | 1 2 3 4 5 6 7 8 |  8.4
Air Magic      | 1 2 3 4 5 6 7 8 |  8.4
Earth Magic    | 1 2 3 4 5 6 7 8 |  8.4
Poison Magic   | 1 2 3 4 5 6 7 8 |  8.4
Fighting       | 5 6 7 8 9 10 | 10.9
Armour         | 5 6 7 8 9 10 | 10.9
Maces & Flails | 9 10 11 12 | 12.7

Action                   |  1- 3 |  4- 6 |  7- 9 | 10-12 | 13-15 || total
-------------------------+-------+-------+-------+-------+-------++-------
Melee: Mace              |   106 |   132 |   339 |       |       ||   577
       Bite              |     7 |    18 |    61 |    71 |   165 ||   322
       Morningstar       |       |       |   177 |   762 |  1081 ||  2020
Throw: Tomahawk          |       |       |       |    15 |    12 ||    27
       Javelin           |       |       |       |     6 |     8 ||    14
 Cast: Call Imp          |       |       |       |    23 |     3 ||    26
       Ensorcelled Hiber |       |       |       |     1 |     1 ||     2
       Ozocubu's Armour  |       |       |       |     7 |    17 ||    24
       Tukima's Dance    |       |       |       |       |    20 ||    20
       Summon Ice Beast  |       |       |       |       |     7 ||     7
       Corona            |       |       |       |       |     1 ||     1
Invok: Curse Item        |       |       |     6 |     1 |     2 ||     9
Evoke: Wand              |       |       |     4 |     3 |    15 ||    22
  Use: Scroll            |     2 |     3 |     8 |    17 |    11 ||    41
       Potion            |       |       |     2 |     4 |     8 ||    14
 Stab: Sleeping          |       |       |     1 |     8 |    17 ||    26
       Distracted        |       |       |       |     3 |     1 ||     4
       Paralysed         |       |       |       |       |     2 ||     2
  Eat: Chunk             |     2 |     5 |     8 |    21 |    18 ||    54
       Ration            |       |       |     2 |     1 |     2 ||     5
Armor: Scale mail        |    74 |    36 |   190 |   197 |       ||   497
       Troll leather arm |       |       |       |    48 |   150 ||   198
Dodge: Dodged            |    69 |    36 |   110 |   299 |   328 ||   842
Block: Shield            |    41 |    71 |   289 |   711 |   819 ||  1931
       Other             |     6 |       |       |       |       ||     6
       Reflection        |       |     2 |     7 |    27 |    42 ||    78
